 Dungeon Crawl Stone Soup version 0.14-a0-2374-ge879b5e (webtiles) character file.

128 MirrMurr the Sneak (level 4, 0/21 HPs)
             Began as a Spriggan Enchanter on Feb 1, 2014.
             Killed from afar by Sigmund (6 damage)
             ... with a magic dart
             ... on Level 2 of the Dungeon.
             The game lasted 00:05:23 (1387 turns).

MirrMurr the Sneak (Spriggan Enchanter)             Turns: 1387, Time: 00:05:23

HP   0/21        AC  3     Str  5      XL: 4   Next: 28%
MP   7/12        EV 18     Int 16      God:
Gold 41          SH  0     Dex 16      Spells:  3 memorised,  2 levels left

rFire  . . .     SeeInvis +     a - +1 dagger
rCold  . . .     Clarity  .     b - +1 robe
rNeg   . . .     Conserve .     (shield restricted)
rPois  .         rCorr    .     (helmet restricted)
rElec  .         rRot     .     (no cloak)
SustAb . .       Spirit   .     (gloves unavailable)
rMut   .         Warding  .     (boots unavailable)
Saprov . . .     Stasis   .     (no amulet)
MR     .....                    (no ring)
                                (no ring)

@: very quick, not resistant to hostile enchantments, very stealthy
A: unfitting armour, see invisible, herbivore 3, speed 3, slow metabolism 2
a: no special abilities


You were on level 2 of the Dungeon.
You were not hungry.

You visited 1 branch of the dungeon, and saw 2 of its levels.

You collected 41 gold pieces.

Inventory:

Hand weapons
 a - a +1,+1 dagger (weapon)
 r - a +0,+0 dagger
Missiles
 d - 12 darts (quivered)
 g - 21 sling bullets of frost
 o - 21 stones
Armour
 b - a +1 robe (worn)
 h - a +0 robe
 t - a cursed +0 robe
Comestibles
 f - 3 bread rations
 i - a pear
 p - a lemon
 v - 3 oranges
Scrolls
 j - a scroll of remove curse {unknown}
 k - a scroll of enchant weapon I {unknown}
 m - a scroll of random uselessness {unknown}
 n - a scroll of identify {unknown}
 q - a scroll of noise {unknown}
 s - a scroll of amnesia {unknown}
Potions
 e - a potion of porridge
 l - a potion of resistance
 u - a potion of heal wounds {unknown}
Books
 c - a book of Maledictions

   Spells                             Type                      Level
   *Corona                            Hexes                        1
   Sure Blade                         Hexes/Charms                 2
   *Ensorcelled Hibernation           Hexes/Ice                    2
   *Confuse                           Hexes                        3
   Enslavement                        Hexes                        4
   Invisibility                       Hexes                        6


   Skills:
 + Level 2.5 Short Blades
 - Level 1.1 Throwing
 - Level 3.0 Dodging
 + Level 6.3 Stealth
 - Level 2.6 Spellcasting
 - Level 3.6 Hexes


You had 2 spell levels left.
You knew the following spells:

 Your Spells              Type           Power        Failure   Level  Hunger
a - Ensorcelled Hibernat  Hex/Ice        #.....       17%         2    ##.....
b - Confuse               Hex            ##......     14%         3    ###....
Z - Corona                Hex            ##.....      6%          1    #......


Dungeon Overview and Level Annotations

Branches:
Dungeon (2/16)

Altars:

Annotations:
D:2 Sigmund


Innate Abilities, Weirdness & Mutations

You are tiny and cannot use many weapons and most armour.
You have supernaturally acute eyesight.
You are a herbivore.
You cover ground extremely quickly.
You need consume almost no food.


Message History

Casting: Ensorcelled Hibernation
Confirm with . or Enter, or press ? or * to list all spells.
Aiming: Ensorcelled Hibernation
Press: ? - help, Shift-Dir - straight line, f/p - Sigmund
Aim: Sigmund, wielding a runed scythe and wearing a robe (slightly transparent) Sigmund resists.
Sigmund points at you and mumbles some strange words.
The puff of flame hits you!
* * * LOW HITPOINT WARNING * * *
You are too injured to fight recklessly!
Casting: Ensorcelled Hibernation
Confirm with . or Enter, or press ? or * to list all spells.
Aiming: Ensorcelled Hibernation
Press: ? - help, Shift-Dir - straight line, f/p - Sigmund
Aim: Sigmund, wielding a runed scythe and wearing a robe (slightly transparent) Sigmund resists.
Sigmund misses you.
You are too injured to fight recklessly!
Sigmund casts a spell at you. The magic dart hits you!
You die...

####.####..#.#####.##
#....................
####.####..#######.##
#@# #... ........ #.#
#............ #.#
#.### ####.## #.# .
#. #.# # #@# #.# #.#
... #.# #.# #.. ###


You could see Sigmund (invisible).

Vanquished Creatures
  Jessica (D:2)
  3 adders (D:2)
  7 bats
  4 giant cockroaches
  7 goblins (D:1)
  4 hobgoblins
  A ball python (D:1)
  4 giant geckos (D:1)
  3 giant newts
  3 kobolds
  3 rats
40 creatures vanquished.

Notes
Turn   | Place    | Note
--------------------------------------------------------------
     0 | D:1      | MirrMurr, the Spriggan Enchanter, began the quest for the Orb.
     0 | D:1      | Reached XP level 1. HP: 9/9 MP: 4/4
   117 | D:1      | Reached skill level 4 in Stealth
   125 | D:1      | Reached XP level 2. HP: 13/13 MP: 7/7
   129 | D:1      | Learned a level 2 spell: Ensorcelled Hibernation
   627 | D:1      | Reached skill level 5 in Stealth
   824 | D:2      | Reached XP level 3. HP: 16/16 MP: 9/9
   829 | D:2      | Learned a level 3 spell: Confuse
   851 | D:2      | Noticed Jessica
   874 | D:2      | Killed Jessica
   874 | D:2      | Reached skill level 6 in Stealth
  1093 | D:2      | Reached XP level 4. HP: 21/21 MP: 12/12
  1343 | D:2      | Noticed Sigmund
  1387 | D:2      | Killed from afar by Sigmund

Action                   |  1- 3 |  4- 6 || total
-------------------------+-------+-------++-------
Melee: Dagger            |   130 |    33 ||   163
Throw: Dart              |    11 |       ||    11
 Cast: Ensorcelled Hiber |     3 |     4 ||     7
Evoke: Wand              |       |     1 ||     1
  Use: Potion            |     2 |       ||     2
 Stab: Sleeping          |    10 |     2 ||    12
